 Dungeon Crawl Stone Soup version 0.18-a0-316-gf882de5 (webtiles) character file.

10799 kosy22 the Grappler (level 11, 0/106 HPs)
             Began as a Troll Fighter on Nov 27, 2015.
             Was an Elder of Nemelex Xobeh.
             Slain by a white ugly thing (35 damage)
             ... on level 12 of the Dungeon.
             The game lasted 00:40:07 (10238 turns).

kosy22 the Grappler (Troll Fighter)                Turns: 10238, Time: 00:40:08

Health: 0/106      AC: 10    Str: 29    XL:     11   Next: 40%
Magic:  11/11      EV: 16    Int:  4    God:    Nemelex Xobeh [****..]
Gold:   805        SH: 11    Dex: 11    Spells: 0 memorised, 10 levels left

rFire  . . .     SeeInvis .       - Unarmed
rCold  . . .     Clarity  .     t - +0 troll leather armour {Purgy}
rNeg   . . .     SustAt   .     b - +0 shield
rPois  .         Gourm    +     (helmet restricted)
rElec  .         Spirit   .     A - +0 cloak (curse)
rCorr  .         Warding  .     (gloves unavailable)
rMut   .         Stasis   .     (boots unavailable)
MR     .....                    h - amulet of rage
Stlth  +.........               P - +4 ring of evasion
                                q - ring of invisibility

@: not resistant to hostile enchantments, very unstealthy
A: unfitting armour, claws 3, yellow scales 1, agile 1, fast metabolism 3,
gourmand, regeneration 2, screaming 1, shaggy fur 1, spit poison 1, tough skin 2
a: Spit Poison, Triple Draw, Deal Four, Renounce Religion, Evoke Berserk Rage,
Evoke Invisibility


You were on level 12 of the Dungeon.
You worshipped Nemelex Xobeh.
Nemelex Xobeh was greatly pleased with you.
You were full.

You visited 2 branches of the dungeon, and saw 13 of its levels.
You also visited: Sewer.

You collected 805 gold pieces.

Inventory:

Hand Weapons
 r - a +0 blowgun
Missiles
 g - 54 poisoned needles
 Q - 2 large rocks (quivered)
Armour
 a - a +1 robe
 b - a +0 shield (worn)
 t - a +0 troll leather armour (worn) {Purgy}
 A - a cursed +0 cloak (worn)
Jewellery
 h - an amulet of rage (around neck)
 q - a ring of invisibility (left claw)
 H - an uncursed ring of stealth
 P - a +4 ring of evasion (right claw)
 S - a +2 ring of intelligence
 X - an uncursed amulet of faith
Wands
 w - a wand of random effects (28)
 D - a wand of fire (0)
 E - a wand of frost (11)
 F - a wand of confusion (5)
 L - a wand of lightning (1)
Scrolls
 e - 4 scrolls of identify
 f - 3 scrolls of blinking
 j - 6 scrolls of teleportation
 o - 10 scrolls of remove curse
 u - a scroll of silence {unknown}
 x - a scroll of enchant weapon
 C - a scroll of fear
 K - a scroll of recharging
 R - a scroll of fog
Potions
 c - 3 potions of might
 k - a potion of curing
 l - 3 potions of haste
 m - a potion of brilliance
 s - a potion of cancellation
 z - 2 potions of magic
 M - 2 potions of heal wounds
Books
 I - a book of Unlife

   Spells                             Type                      Level
   a - Recall                         Summoning/Translocation      3
   b - Animate Dead                   Necromancy                   4
   c - Control Undead                 Necromancy                   4
   d - Cigotuvi's Embrace             Necromancy                   5
   e - Death Channel                  Necromancy                   6
   f - Simulacrum                     Ice/Necromancy               6
Miscellaneous
 i - a plain deck of destruction {drawn: 2}
 y - a plain deck of escape {drawn: 6}
 J - a plain deck of destruction {drawn: 2}
 N - a plain deck of war
 O - a plain deck of destruction {drawn: 3}
 T - an ornate deck of destruction {drawn: 3}
 W - a plain deck of escape
 Y - an ornate deck of destruction
Comestibles
 d - 7 bread rations
 n - 5 fruits
 p - 8 meat rations
 v - 2 royal jellies
 B - 3 beef jerkies
 G - 8 chunks of flesh
 U - 6 slices of pizza


   Skills:
 + Level 6.3 Fighting
 + Level 0.6 Throwing
 + Level 3.9 Armour
 + Level 8.6 Dodging
 + Level 2.3 Stealth
 + Level 7.4 Shields
 + Level 9.0 Unarmed Combat
 + Level 1.3 Evocations


You had 10 spell levels left.
You didn't know any spells.

Dungeon Overview and Level Annotations

Branches:
Dungeon (12/15)            Temple (1/1) D:5            Lair (0/8) D:8
    Orc (0/4) D:11

Altars:
Ashenzari
Cheibriados
Dithmenos
Elyvilon
Fedhas
Gozag
Kikubaaqudgha
Makhleb
Nemelex Xobeh
Okawaru
Qazlal
Ru
Sif Muna
Trog
Vehumet
Xom
Yredelemnul
Zin
The Shining One

Shops:
D:7 [   D:11 (   D:12 *


Innate Abilities, Weirdness & Mutations

You are too large for most types of armour.
You have claws for hands.
Your metabolism is lightning-fast.
You like to eat raw meat.
You heal very quickly.
You are covered in fur (AC +1).
You have very tough skin (AC +2).
You are partially covered in yellow scales (AC +2).
You are agile. (Dex +2)
You occasionally shout uncontrollably at your foes.
You can spit weak poison.


Message History

You block the white ugly thing's attack.
You closely miss the white ugly thing.
The white ugly thing is moderately wounded.
You scratch the white ugly thing.
The white ugly thing is heavily wounded.
The white ugly thing tentacle-slaps you!
The white ugly thing freezes you!!
You barely miss the white ugly thing.
The white ugly thing is heavily wounded.
The white ugly thing tentacle-slaps you!
The white ugly thing freezes you!!
You scratch the white ugly thing but do no damage.
The white ugly thing is heavily wounded.
The white ugly thing barely misses you.
You closely miss the white ugly thing.
The white ugly thing is heavily wounded.
The white ugly thing tentacle-slaps you!
The white ugly thing freezes you!!
You die...
Your body glows slightly and disappears.

. #.# .
####.####
.
#.......#
.
#.#####.#
#. #.# #.
#.# #.
#†#
#.#####.#
#...÷u@.#
#.(######
#..#
....#
###.## #.
#. #. ..


You could see a white ugly thing.

Vanquished Creatures
  2 hill giants
  An ugly thing (D:11)
  A cyclops (D:12)
  The ghost of endege the Ruffian, an amateur TrAs (D:3)
  Grinder (D:5)
  A troll (D:12)
  A trapdoor spider zombie (D:11)
  A wyvern (D:8)
  A hog (D:9)
  A hungry ghost (D:7)
  A trapdoor spider (D:11)
  6 yaks (D:11)
  A human (D:9)
  A hippogriff (D:7)
  A basilisk (D:8)
  A warg (D:8)
  Purgy (Sewer)
  3 ice beasts
  A sky beast (D:9)
  2 black bears
  A wasp (D:11)
  2 phantoms
  7 ogres
  6 orc warriors
  2 centaurs
  6 giant frogs
  3 big kobolds
  A gnoll sergeant (D:8)
  7 scorpions
  5 killer bees (D:12)
  A wyvern skeleton (D:9)
  3 hounds
  5 crimson imps
  2 jellies
  12 orc wizards
  5 orc priests
  3 centaur skeletons
  3 giant frog zombies
  7 worker ants
  7 iguanas
  4 sheep
  A hound zombie (D:8)
  2 hound skeletons
  A worker ant zombie (D:11)
  14 gnolls
  14 adders
  4 shadow imps
  3 oozes (D:8)
  3 worms
  An adder skeleton (D:5)
  9 giant geckos
  50 orcs
  2 ball pythons
  9 giant cockroaches
  7 goblins
  3 hobgoblins
  6 jackals
  27 kobolds
  5 quokkas
  6 bats
  5 giant newts
  A quokka zombie (D:5)
  7 rats
301 creatures vanquished.

Vanquished Creatures (collateral kills)
  2 ugly things
  An ogre (D:11)
  3 wights (D:11)
  A giant frog zombie (D:11)
  An iguana (D:11)
  A sheep (D:12)
9 creatures vanquished.

Vanquished Creatures (others)
  An orc wizard (D:8)
1 creature vanquished.

Grand Total: 311 creatures vanquished

Notes
Turn   | Place    | Note
--------------------------------------------------------------
     0 | D:1      | kosy22 the Troll Fighter began the quest for the Orb.
     0 | D:1      | Reached XP level 1. HP: 22/22 MP: 0/0
   227 | D:1      | Reached XP level 2. HP: 25/29 MP: 1/1
   685 | D:2      | Reached XP level 3. HP: 26/36 MP: 2/2
   692 | D:2      | Reached skill level 3 in Dodging
   768 | D:2      | Reached XP level 4. HP: 44/44 MP: 3/3
  1581 | D:3      | Found a glowing drain.
  1624 | Sewer    | Entered a sewer
  1632 | Sewer    | Noticed a big kobold
  1644 | Sewer    | Killed a big kobold
  1644 | Sewer    | Reached XP level 5. HP: 49/53 MP: 4/4
  1744 | Sewer    | Noticed Purgy
  1757 | Sewer    | Killed Purgy
  1757 | Sewer    | Reached skill level 4 in Dodging
  1840 | Sewer    | Reached XP level 6. HP: 61/61 MP: 5/5
  2052 | D:3      | Noticed endege's ghost (amateur TrAs)
  2104 | D:3      | Killed endege's ghost
  2357 | D:3      | Reached skill level 1 in Armour
  2357 | D:3      | Reached XP level 7. HP: 64/67 MP: 6/6
  3137 | D:5      | Entered Level 5 of the Dungeon
  3382 | D:4      | Reached skill level 5 in Dodging
  3823 | D:5      | Noticed Grinder
  3828 | D:5      | Reached XP level 8. HP: 78/78 MP: 7/7
  3852 | D:5      | Killed Grinder
  3875 | D:5      | Reached skill level 1 in Stealth
  4057 | D:5      | Found a staircase to the Ecumenical Temple.
  4072 | Temple   | Entered the Ecumenical Temple
  4124 | Temple   | Became a worshipper of Nemelex Xobeh the Trickster
  4413 | D:5      | Received a gift from Nemelex Xobeh
  4715 | D:6      | Found a sacrificial altar of Ru.
  4901 | D:6      | Reached skill level 5 in Unarmed Combat
  4994 | D:6      | Got an ancient robe
  4995 | D:6      | Identified the +1 robe of Balu Ibenk {rC++ Regen+ Str-4} (You found it on level 6 of the Dungeon)
  5048 | D:6      | Reached * piety under Nemelex Xobeh
  5138 | D:6      | Found an iron altar of Okawaru.
  5427 | D:7      | Reached skill level 6 in Dodging
  5427 | D:7      | Reached XP level 9. HP: 85/85 MP: 8/8
  5441 | D:7      | Reached skill level 5 in Shields
  5496 | D:7      | Found Hyka's Antique Armour Shoppe.
  5652 | D:7      | Received a gift from Nemelex Xobeh
  5933 | D:8      | Reached skill level 5 in Fighting
  5945 | D:8      | Reached skill level 1 in Evocations
  6010 | D:8      | Found a staircase to the Lair.
  6046 | D:8      | Reached ** piety under Nemelex Xobeh
  6153 | D:8      | Received a gift from Nemelex Xobeh
  6732 | D:8      | Reached skill level 7 in Dodging
  6956 | D:9      | Reached XP level 10. HP: 89/96 MP: 9/9
  7147 | D:9      | Received a gift from Nemelex Xobeh
  7176 | D:9      | Reached *** piety under Nemelex Xobeh
  7404 | D:9      | You fall through a shaft for 2 floors!
  7408 | D:11     | Noticed a hill giant
  7423 | D:11     | Killed a hill giant
  7481 | D:11     | Found Xeucock's Weapon Boutique.
  7577 | D:11     | Noticed a green ugly thing
  7589 | D:11     | Killed a green ugly thing
  7766 | D:10     | Entered Level 10 of the Dungeon
  7831 | D:9      | Received a gift from Nemelex Xobeh
  7853 | D:9      | Reached skill level 8 in Dodging
  8338 | D:10     | Received a gift from Nemelex Xobeh
  8636 | D:10     | Noticed a hill giant
  8646 | D:10     | Killed a hill giant
  8854 | D:11     | Reached **** piety under Nemelex Xobeh
  8861 | D:11     | Received a gift from Nemelex Xobeh
  8916 | D:11     | Found a staircase to the Orcish Mines.
  9018 | D:11     | Gained mutation: You occasionally shout uncontrollably at your foes. [potion of mutation]
  9018 | D:11     | Gained mutation: You are partially covered in yellow scales (AC +2). [potion of mutation]
  9018 | D:11     | Gained mutation: You are agile. (Dex +2) [potion of mutation]
  9020 | D:11     | Gained mutation: You can spit weak poison. [potion of beneficial mutation]
  9205 | D:11     | Reached XP level 11. HP: 99/105 MP: 11/11
  9554 | D:11     | Received a gift from Nemelex Xobeh
  9811 | D:12     | Identified a scroll of acquirement
 10081 | D:12     | Found Zudach's General Store.
 10177 | D:12     | Reached skill level 9 in Unarmed Combat
 10238 | D:12     | Slain by a white ugly thing

Vault maps used:
D:1:      dpeg_arrival_simpleton_c, minmay_bisected
D:2:      first_bread
D:3:      gup_sewer_entry_bowl
D:4:      supply_closet_lemuel
D:5:      minmay_temple_entry_glassed_door, uniq_grinder
D:6:      nicolae_ru_path_of_blood, moated_statue, okawaru_altar_gauntlet_db
D:7:      serial_shops, nicolae_shop_behind_doors
D:8:      erik_lair_orcish_takeover
D:9:      st_stairs_5, grunt_livestock, minivault_27
D:11:     orc_david_3
D:12:     serial_shops, nicolae_shop_behind_doors, uniq_nessos
Temple:   kilobyte_greek_temple_18
Sewer:    kennysheep_door_sewer

Action                   |  1- 3 |  4- 6 |  7- 9 | 10-12 || total
-------------------------+-------+-------+-------+-------++-------
Melee: Unarmed           |    89 |   139 |   515 |   382 ||  1125
 Fire: Blowgun           |       |       |       |     8 ||     8
Throw: Throwing net      |       |       |       |     1 ||     1
 Abil: Evoke Invisibilit |       |     1 |       |       ||     1
Evoke: Wand              |       |       |    11 |     4 ||    15
       Deck              |       |       |     8 |     8 ||    16
  Use: Scroll            |       |    11 |     5 |     4 ||    20
       Potion            |       |     2 |     3 |    10 ||    15
 Stab: Invisible         |       |     1 |       |       ||     1
       Confused          |       |       |     4 |       ||     4
       Sleeping          |       |       |     1 |     1 ||     2
       Distracted        |       |       |     1 |       ||     1
  Eat: Chunk             |    10 |    14 |    41 |    15 ||    80
       Meat ration       |       |       |     1 |     2 ||     3
       Bread ration      |       |       |     1 |       ||     1
       Pizza             |       |       |       |     1 ||     1
       Beef jerky        |       |       |       |     1 ||     1
